 Dungeon Crawl Stone Soup version 0.28-a0-1504-g839a445 (webtiles) character file.

Game seed: 5776006736482407223

26 Illumine the Sneak (level 2, -1/15 HPs)
             Began as a Vampire Enchanter on Jan 12, 2022.
             Slain by a goblin (4 damage)
             ... led by Robin
             ... on level 2 of the Dungeon.
             The game lasted 00:02:29 (1368 turns).

Illumine the Sneak (Vampire Enchanter)              Turns: 1368, Time: 00:02:30

Health: -1/15      AC:  3    Str:  7    XL:     2   Next: 89%
Magic:  3/5        EV: 12    Int: 17    God:
Gold:   40         SH:  0    Dex: 14    Spells: 3/5 levels left

rFire   . . .      SeeInvis +   k - +1 dagger (flame)
rCold   + + .      Faith    .   (no shield)
rNeg    + + +      Spirit   .   b - +0 robe
rPois   ∞          Reflect  .   i - +0 helmet
rElec   .          Harm     .   (no cloak)
rCorr   .          Rampage  .   (no gloves)
Will    .....                   (no boots)
Stlth   +++++.....              (no amulet)
HPRegen 0.00/turn               (no ring)
MPRegen 0.09/turn               (no ring)

@: bloodless, inhibited regen
A: bloodless, fangs 3, see invisible, vampiric 1
a: Revivify


You were on level 2 of the Dungeon.
You visited 1 branch of the dungeon, and saw 2 of its levels.

You collected 40 gold pieces.

Inventory:

Hand Weapons
 k - a +1 dagger of flaming (weapon)
Missiles
 f - 21 stones (quivered)
Armour
 b - a +0 robe (worn)
 i - a +0 helmet (worn)
Potions
 c - a potion of invisibility
 g - a potion of degeneration {unknown}
 h - a potion of attraction {unknown}


   Skills:
 + Level 2.0 Short Blades
 - Level 2.1 Dodging
 * Level 5.6 Stealth
 - Level 2.0 Spellcasting
 + Level 4.5 Hexes


You had 3 spell levels left.
You knew the following spells:

 Your Spells              Type           Power      Damage    Failure   Level
a - Ensorcelled Hibernat  Hex/Ice        18%        N/A       12%         2

Your spell library contained the following spells:

 Spells                   Type           Power      Damage    Failure   Level
 Confusing Touch          Hex            17%        N/A       9%          3
 Tukima's Dance           Hex            17%        N/A       9%          3
 Dazzling Flash           Conj/Hex       18%        N/A       22%         3


Dungeon Overview and Level Annotations

Branches:
Dungeon (2/15)

Altars:

Annotations:
D:2 Robin


Innate Abilities, Weirdness & Mutations

You do not regenerate when monsters are visible.
You are frail without blood (-20% HP).
You can heal yourself when you bite living creatures.
You are immune to poison.
You have razor-sharp teeth.
You have supernaturally acute eyesight. (SInv)
You are afflicted with vampirism.


Message History

Robin, 3 hobgoblins and 7 goblins come into view.
Found two daggers.
Unknown command.
Robin shouts!
The hobgoblin shouts!
Robin throws the goblin at you! The goblin hits you with a +0 dagger.
The goblin shouts!
You barely miss the goblin.
The goblin shouts!
The goblin hits you with a +0 dagger.
You miss the goblin. The hobgoblin barely misses you.
The goblin closely misses you.
You closely miss the goblin. The hobgoblin barely misses you.
Robin roars a battlecry!
The goblins go into a battle-frenzy!
The goblin barely misses you.
Unknown command.
Okay, then.
As you read the scroll labelled NIRYECIFIYV, it crumbles to dust.
You feel aware of your surroundings.
It was a scroll of magic mapping.
The hobgoblin hits you but does no damage.
The goblin completely misses you.
As you read the scroll labelled OXKUTT KIDAKKU, it crumbles to dust.
The creatures around you are filled with an inner flame!
It was a scroll of immolation.
The hobgoblin hits you but does no damage.
Robin says, "Feeling lonely?"
The goblin hits you with a +0 dagger.
* * * LOW HITPOINT WARNING * * *
As you read the scroll labelled IHUKKEOJAL, it crumbles to dust.
The scroll dissolves into smoke.
It was a scroll of fog.
The hobgoblin barely misses you. The goblin barely misses you.
Okay, then.
Casting: Ensorcelled Hibernation (safe; 12% risk of failure)
Confirm with . or Enter, or press ? or * to list all spells.
Aiming: Ensorcelled Hibernation (safe; 12% risk of failure)
Press: ? - help, Shift-Dir - straight line, f - goblin
Aim: a goblin, wielding a +0 dagger (blue smoke, inner flame, strong, chance to affect: 61%)
The goblin resists with significant effort.
The hobgoblin closely misses you. The goblin hits you with a +0 dagger.
You die...

#...#......#######.#
#...#......'.......#
#...#......#########
#...†...#'##
#[..#.###.#
#...#.#.#.# ***####
#####.#.#.# *,....#
#.#.#.#####g.g..#
#...#.§g@ggggg..#
###########gg...#
*,....# *,,...#
*,,,..# *****##


You could see a hobgoblin (inner flame, strong) and 2 goblins.

Vanquished Creatures
  An adder (D:2)
  A dart slug (D:1)
  2 endoplasms
  A hobgoblin (D:2)
  A quokka (D:2)
  4 bats (D:1)
  A frilled lizard (D:1)
  2 goblins
  2 kobolds
15 creatures vanquished.

Notes
Turn   | Place    | Note
-------+----------+-------------------------------------------
     0 | D:1      | Illumine the Vampire Enchanter began the quest for the Orb.
     0 | D:1      | Reached XP level 1. HP: 13/13 MP: 3/3
   325 | D:1      | Reached skill level 5 in Stealth
   512 | D:1      | Reached XP level 2. HP: 15/15 MP: 5/5
   515 | D:1      | Learned a level 2 spell: Ensorcelled Hibernation
   524 | D:1      | Found a faded altar of an unknown god.
  1360 | D:2      | Noticed Robin
  1368 | D:2      | Slain by a goblin

Illustrated notes

Levels and vault maps discovered:
D:1:      dpeg_arrival_snail, layout_basic,
          dreamdust_ecumenical_altar_hidden_monk_grotto,
          chequers_serial_rivers_small_a
D:2:      layout_basic, uniq_robin, uniq_crazy_yiuf_cottage

Skill      XL: |  1  2 |
---------------+-------+-----
Stealth        | 5 |  5.6
Short Blades   | 2 |  2.0
Dodging        | |  2.1
Spellcasting   | |  2.0
Hexes          | |  4.5

Action                   || total
-------------------------++-------
Melee: Dagger            ||    33
       Bite              ||     2
 Cast: Ensorcelled Hiber ||     6
 Abil: Exsanguinate      ||     1
  Use: Scroll            ||     3
 Stab: Sleeping          ||    11
Armor: Robe              ||    10
Dodge: Dodged            ||    35

Table legend: (Time is in decaauts)
 A = Elapsed time spent in this place.
 B = Non-inter-level travel time spent in this place.
 C = Inter-level travel time spent in this place.
 D = Time resting spent in this place.
 E = Time spent auto-exploring this place.
 F = Levels seen in this place.
 G = Mean time per level.
                   A        B        C        D        E       F      G
               +--------+--------+--------+--------+--------+-----+--------+
         Total |   1370 |   1339 |     31 |    388 |    655 |   2 |  685.0 |
       Dungeon |   1370 |   1339 |     31 |    388 |    655 |   2 |  685.0 |
               +--------+--------+--------+--------+--------+-----+--------+

Top non-repeatable levels by time:
     D:1: 910 daAuts
     D:2: 460 daAuts
